 Dungeon Crawl Stone Soup version 0.18.1-48-g4cf74bf (webtiles) character file.

12296 nikopol the Cleaver (level 11, -6/150 HPs)
             Began as a Minotaur Berserker on Sept 3, 2016.
             Was a High Priest of Trog.
             Mangled by a troll simulacrum (8 damage)
             ... in an ice cave.
             The game lasted 00:30:48 (10515 turns).

nikopol the Cleaver (Minotaur Berserker)           Turns: 10515, Time: 00:30:49

Health: -6/150     AC: 15    Str: 27    XL:     11   Next: 60%
Magic:  0/10       EV: 15    Int:  4    God:    Trog [*****.]
Gold:   807        SH:  0    Dex: 13    Spells: 0 memorised, 10 levels left

rFire  . . .     SeeInvis .     a - +2 broad axe (venom)
rCold  . . .     Gourm    .     J - +0 scale mail
rNeg   . . .     Faith    .     (no shield)
rPois  +         Spirit   +     X - +2 hat {MR+}
rElec  .         Dismiss  .     S - +0 cloak
rCorr  .         Reflect  .     t - +0 pair of gloves
SustAt .         Harm     .     i - +1 pair of boots {Stlth+}
MR     +....                    A - amulet of guardian spirit
Stlth  ..........               I - ring of poison resistance
                                (no ring)

@: berserking, slowed, somewhat resistant to hostile enchantments, extremely
unstealthy
A: retaliatory headbutt, horns 2
a: Berserk, Trog's Hand, Brothers in Arms, Burn Spellbooks, Renounce Religion


You were in an ice cave.
You worshipped Trog.
Trog was extremely pleased with you.
You were hungry.

You visited 2 branches of the dungeon, and saw 11 of its levels.
You also visited: Ice Cave.

You collected 807 gold pieces.

Inventory:

Hand Weapons
 a - a +2 broad axe of venom (weapon)
 d - a +1 hand axe of draining
 o - a +0 hand axe
 z - a +0 shortbow
Missiles
 q - 144 arrows (quivered)
Armour
 b - a +0 animal skin
 i - a +1 pair of boots of stealth (worn)
 j - a +0 ring mail
 t - a +0 pair of gloves (worn)
 J - a +0 scale mail (worn)
 R - a cursed +0 leather armour
 S - a +0 cloak (worn)
 X - a +2 hat of magic resistance (worn)
Jewellery
 u - a +4 ring of strength
 A - an amulet of guardian spirit (around neck)
 I - a ring of poison resistance (right hand)
 P - an uncursed amulet of magic regeneration {unknown}
 T - an uncursed ring of sustain attributes
Scrolls
 h - 11 scrolls of identify
 r - 7 scrolls of remove curse
 v - 5 scrolls of teleportation
 x - a scroll of magic mapping
 y - a scroll of enchant armour
 G - a scroll of enchant weapon {unknown}
 M - a scroll of acquirement {unknown}
 U - a scroll of fear
Potions
 e - 2 potions of haste
 f - a potion of heal wounds {unknown}
 k - 11 potions of curing
 l - a potion of brilliance {unknown}
 m - 2 potions of flight {unknown}
 n - 3 potions of berserk rage {unknown}
 s - a potion of lignification {unknown}
 C - 3 potions of degeneration {unknown}
 D - 2 potions of cure mutation {unknown}
 E - a potion of beneficial mutation {unknown}
 K - 2 potions of might {unknown}
 L - 3 potions of invisibility {unknown}
 Q - a potion of agility {unknown}
Comestibles
 c - 9 bread rations
 g - a beef jerky
 B - 7 fruits
 H - 4 meat rations
 W - 9 royal jellies


   Skills:
 + Level 10.2 Fighting
 * Level 12.1 Axes
 * Level 8.9 Bows
 + Level 9.7 Armour
 + Level 8.8 Dodging


You had 10 spell levels left.
You didn't know any spells.

Dungeon Overview and Level Annotations

Branches:
Dungeon (10/15)            Temple (0/1) D:5            Lair (1/8) D:9
    Orc (0/2) D:10

Altars:
Ashenzari
Dithmenos
Gozag
Okawaru
Qazlal
Sif Muna
Yredelemnul
Zin
The Shining One

Shops:
D:6 :   D:7 =   D:9 [


Innate Abilities, Weirdness & Mutations

You reflexively headbutt those who attack you in melee.
You have a pair of horns on your head.


Message History

The freezing wraith misses you. You furiously retaliate!
You headbutt the freezing wraith, but do no damage.
The freezing wraith closely misses you.
The troll simulacrum bites you but does no damage.
The troll simulacrum claws you but does no damage. x2
The freezing wraith hits you!
* * * LOW HITPOINT WARNING * * *
The freezing wraith freezes you!
* * * LOW HITPOINT WARNING * * *
The freezing wraith closely misses you.
You are too injured to fight recklessly!
A red film seems to cover your vision as you go berserk!
You feel yourself moving faster!
You feel mighty!
You are feeling hungry.
The freezing wraith hits you!
* * * LOW HITPOINT WARNING * * *
The freezing wraith freezes you!!
* * * LOW HITPOINT WARNING * * *
The freezing wraith closely misses you. The troll simulacrum bites you!
You die...

##..# ##....## #...#
##....# .......
...## ###..# ...._..
..## ##...# .......
### ###...## 5Z5Z...
###...### ##55WZ...
###...### ##ZZ58ZZ
###....## #####WZW5#
#....### ##.##..@###
...### ##...##....#
.########..#..###..#
..###.....###.....##
#........## ##...##
#.........########
#...........#
#..........(#
##.......####


You could see 3 freezing wraiths, 6 white imps, 2 spriggan simulacra, a naga
simulacrum, 2 centaur simulacra, an ogre simulacrum, a troll simulacrum and a
draconian simulacrum.

Vanquished Creatures
  Gastronok (D:9)
  Erolcha (D:8)
  A hill giant (D:10)
  Pikel (D:9)
  The ghost of Ladykiller69 the Chopper, a novice FoFi (D:4)
  Psyche (D:9)
  7 freezing wraiths (IceCv)
  2 wolf spider simulacra (IceCv)
  A hippogriff (D:10)
  Menkaure (D:6)
  A water moccasin (D:9)
  2 porcupines (Lair:1)
  8 ice beasts
  3 orc warriors
  5 phantoms
  A sky beast (D:10)
  A black bear (D:8)
  9 ogres
  3 centaurs
  A crocodile (D:9)
  3 giant frogs
  2 gnoll sergeants (D:7)
  5 scorpions
  A wyvern skeleton (D:10)
  An elephant simulacrum (IceCv)
  A water moccasin skeleton (D:5)
  6 killer bees (D:7)
  3 wights (D:10)
  5 howler monkeys
  A centaur zombie (D:5)
  7 hounds
  2 giant frog skeletons
  9 orc priests
  4 jellies (D:9)
  2 gnoll shamans
  14 orc wizards
  2 iguanas
  6 worker ants
  A wolf simulacrum (IceCv)
  A hound skeleton (D:9)
  19 gnolls
  12 adders
  A shadow imp (D:10)
  18 white imps
  5 oozes (D:9)
  2 worms (D:2)
  2 dart slugs
  3 giant geckos
  37 orcs
  A ball python (D:3)
  7 giant cockroaches
  5 goblins
  9 hobgoblins
  14 kobolds
  5 quokkas
  5 bats
  9 giant newts
  4 rats
  A plant (D:7)
286 creatures vanquished.

Vanquished Creatures (others)
  A shadow imp (D:9)
  2 plants (D:7)
3 creatures vanquished.

Grand Total: 289 creatures vanquished

Notes
Turn   | Place    | Note
--------------------------------------------------------------
     0 | D:1      | nikopol the Minotaur Berserker began the quest for the Orb.
     0 | D:1      | Reached XP level 1. HP: 19/19 MP: 0/0
   379 | D:1      | Reached XP level 2. HP: 26/27 MP: 1/1
   711 | D:2      | Reached skill level 4 in Axes
   830 | D:2      | Reached XP level 3. HP: 29/33 MP: 2/2
   833 | D:2      | Reached ** piety under Trog
  1484 | D:3      | Reached XP level 4. HP: 41/41 MP: 3/3
  2034 | D:3      | Reached XP level 5. HP: 43/47 MP: 2/4
  2347 | D:4      | Noticed an ogre
  2355 | D:4      | Killed an ogre
  2355 | D:4      | Reached skill level 5 in Fighting
  2355 | D:4      | Reached skill level 5 in Axes
  2364 | D:4      | Reached XP level 6. HP: 56/56 MP: 5/5
  2588 | D:4      | Reached *** piety under Trog
  2874 | D:4      | Noticed Ladykiller69's ghost (novice FoFi)
  2882 | D:4      | Killed Ladykiller69's ghost
  2882 | D:4      | Reached skill level 6 in Axes
  2882 | D:4      | Reached skill level 5 in Armour
  2882 | D:4      | Reached XP level 7. HP: 63/63 MP: 6/6
  2961 | D:4      | Reached skill level 5 in Dodging
  2982 | D:4      | Found a glowing silver altar of Zin.
  2983 | D:4      | Noticed an angel
  3009 | D:5      | Entered Level 5 of the Dungeon
  3026 | D:5      | Found a staircase to the Ecumenical Temple.
  3163 | D:5      | Reached XP level 8. HP: 67/71 MP: 5/7
  3576 | D:5      | Reached skill level 7 in Axes
  3918 | D:5      | You fall through a shaft!
  4139 | D:6      | Found Catres Potei's Book Emporium.
  4173 | D:6      | Reached **** piety under Trog
  4334 | D:6      | Found a shattered altar of Ashenzari.
  4348 | D:6      | Found a stormy altar of Qazlal.
  4351 | D:6      | Found an iron altar of Okawaru.
  4354 | D:6      | Found a basalt altar of Yredelemnul.
  4574 | D:6      | Reached skill level 1 in Bows
  4580 | D:6      | Reached skill level 8 in Axes
  4658 | D:6      | Noticed Menkaure
  4663 | D:6      | Killed Menkaure
  4663 | D:6      | Reached XP level 9. HP: 81/81 MP: 8/8
  4940 | D:7      | Found an opulent altar of Gozag.
  5380 | D:7      | Found a deep blue altar of Sif Muna.
  5630 | D:7      | Reached skill level 9 in Axes
  6330 | D:7      | Reached skill level 5 in Bows
  6410 | D:7      | Found Umosir Vaage's Jewellery Emporium.
  6634 | D:4      | You fall through a shaft for 3 floors!
  7086 | D:7      | Received a gift from Trog
  7182 | D:8      | Noticed Erolcha
  7183 | D:8      | Reached XP level 10. HP: 71/90 MP: 9/9
  7195 | D:8      | Killed Erolcha
  7195 | D:8      | Reached skill level 10 in Axes
  7204 | D:8      | Reached ***** piety under Trog
  7642 | D:8      | Found a shadowy altar of Dithmenos.
  7870 | D:9      | Received a gift from Trog
  7872 | D:9      | Noticed Psyche
  7877 | D:9      | Found Puulivvi's Armour Emporium.
  7883 | D:9      | Killed Psyche
  8112 | D:9      | Noticed Pikel
  8121 | D:9      | Killed Pikel
  8124 | D:9      | Found a staircase to the Lair.
  8410 | D:9      | Noticed Gastronok
  8420 | D:9      | Killed Gastronok
  8420 | D:9      | Reached skill level 11 in Axes
  8420 | D:9      | Reached XP level 11. HP: 97/97 MP: 10/10
  8557 | D:10     | Entered Level 10 of the Dungeon
  8616 | D:10     | Found a glowing golden altar of the Shining One.
  8644 | D:10     | Received a gift from Trog
  8918 | D:10     | Found a staircase to the Orcish Mines.
  9020 | D:10     | Noticed a hill giant
  9033 | D:10     | Killed a hill giant
  9155 | Lair:1   | Entered Level 1 of the Lair of Beasts
  9199 | Lair:1   | Received a gift from Trog
  9245 | Lair:1   | Found a frozen archway.
  9256 | IceCv    | Entered an ice cave
  9642 | IceCv    | Received a gift from Trog
  9648 | IceCv    | Reached skill level 10 in Fighting
  9751 | IceCv    | HP: 2/148 [freezing wraith (9)]
 10162 | IceCv    | Reached skill level 12 in Axes
 10509 | IceCv    | Found an ancient bone altar of Kikubaaqudgha.
 10515 | IceCv    | HP: 2/150 [freezing wraith (17)]
 10515 | IceCv    | Mangled by a troll simulacrum

Skill      XL: |  1  2  3  4  5  6  7  8  9 10 11 |
---------------+----------------------------------+-----
Axes           | 4 5 6 8 9 11 12 | 12.1
Fighting       | 4 5 6 7 8 9 10 | 10.2
Armour         | 3 4 5 7 8 9 |  9.7
Dodging        | 3 4 5 6 7 8 |  8.8
Bows           | 2 5 7 8 |  8.9

Action                   |  1- 3 |  4- 6 |  7- 9 | 10-12 || total
-------------------------+-------+-------+-------+-------++-------
Melee: Hand axe          |    76 |   104 |   262 |   225 ||   667
       Headbutt          |    11 |    21 |    65 |    73 ||   170
       Broad axe         |       |       |       |    41 ||    41
 Fire: Shortbow          |       |       |    43 |    54 ||    97
Invok: Berserk           |       |     2 |     2 |     6 ||    10
       Burn Spellbooks   |       |       |     3 |     1 ||     4
  Use: Scroll            |       |       |    12 |     1 ||    13
 Stab: Sleeping          |     1 |     3 |     2 |       ||     6
  Eat: Chunk             |     2 |     5 |    17 |     9 ||    33
       Beef jerky        |       |       |       |     2 ||     2
       Royal jelly       |       |       |       |     1 ||     1
       Pizza             |       |       |       |     1 ||     1
Armor: Animal skin       |     2 |       |       |       ||     2
       Ring mail         |    27 |    43 |    55 |       ||   125
       Scale mail        |       |       |     7 |   142 ||   149
Dodge: Dodged            |    45 |    60 |   192 |   213 ||   510
